 Dungeon Crawl Stone Soup version 0.25-a0-492-g44cc58d149 (webtiles) character file.

Game seed: 7592925208354697895, levelgen mode: deterministic

118 sking99 the Bolt Thrower (level 5, -5/32 HPs)
             Began as a Kobold Hunter on Feb 11, 2020.
             Slain by an orc wizard
             ... wielding a +1 dagger of electrocution
              (16 damage)
             ... on level 2 of the Dungeon.
             The game lasted 00:02:50 (1551 turns).

sking99 the Bolt Thrower (Kobold Hunter)            Turns: 1551, Time: 00:02:50

Health: -5/32      AC:  3    Str: 10    XL:     5   Next: 23%
Magic:  5/5        EV: 14    Int: 13    God:
Gold:   43         SH:  0    Dex: 15    Spells: 4/4 levels left

rFire    . . .     SeeInvis .   a - +1 hand crossbow
rCold    . . .     Gourm    .   (shield restricted)
rNeg     . . .     Faith    .   c - +0 leather armour
rPois    .         Spirit   .   (no helmet)
rElec    .         Reflect  .   (no cloak)
rCorr    .         Harm     .   (no gloves)
MR       .....                  (no boots)
Stlth    ++........             (no amulet)
HPRegen  0.10/turn              (no ring)
MPRegen  0.09/turn              (no ring)

@: no status effects
A: small, carnivore
a: no special abilities


You were on level 2 of the Dungeon.
You were completely stuffed.

You visited 1 branch of the dungeon, and saw 2 of its levels.

You collected 43 gold pieces.

Inventory:

Hand Weapons
 a - a +1 hand crossbow (weapon)
 b - a +0 short sword
Missiles
 d - 8 bolts (quivered)
Armour
 c - a +0 leather armour (worn)
Scrolls
 e - 2 scrolls of immolation {unknown}
 g - 2 scrolls of teleportation {unknown}
 h - a scroll of remove curse {unknown}
 i - a scroll of random uselessness {unknown}
 m - a scroll of identify {unknown}
Potions
 j - a potion of curing {unknown}
 k - a potion of mutation {unknown}
Comestibles
 f - a ration


   Skills:
 + Level 3.5 Fighting
 * Level 6.6 Crossbows
 - Level 2.5 Dodging
 - Level 1.6 Stealth


You had 4 spell levels left.
You didn't know any spells.
Your spell library was empty.

Dungeon Overview and Level Annotations

Branches:
Dungeon (2/15)

Altars:


Innate Abilities, Weirdness & Mutations

You are small and have problems with some larger weapons.
You are carnivorous and can eat meat at any time.


Message History

The orc wizard shouts!
You see here a bolt.
There isn't anything to butcher here.
d - 10 bolts (gained 1)
a - a +1 hand crossbow (weapon)
An orc wizard comes into view. It is wielding a +0 dagger.
Firing (i - inventory)
d - 10 bolts (quivered)
Press: ? - help, Shift-Dir - straight line, f - orc wizard
Aim: an orc wizard, wielding a +1 dagger of electrocution and wearing a cursed -2 robe You shoot a bolt.
The bolt completely misses the orc wizard.
The orc wizard shouts!
You hear a shout!
Firing (i - inventory)
d - 9 bolts (quivered)
Press: ? - help, Shift-Dir - straight line, f/p - orc wizard
Aim: an orc wizard, wielding a +1 dagger of electrocution and wearing a cursed -2 robe You shoot a bolt.
The bolt closely misses the orc wizard.
The orc wizard hits you with a +1 dagger of electrocution.
You are electrocuted!
Ouch! That really hurt!
You die...

#.# #.. ## #.# # .....#
#.### ##..#.# #....
.(.#.# # ####.###
#o.#.##.# #.......
#(..... #.##.###
####o#.# #.##.###
#....@.# #.##....
#.##)### #.######
#.###.##)# #.#
#........# #.#
..####.#### #<####
#.##.## #.##.##
##.#...#########.....##
+...............)......
#.#.....#######.......#


You could see 2 orc wizards.

Vanquished Creatures
  Jessica (D:2)
  4 gnolls (D:2)
  An adder (D:2)
  A worm (D:2)
  2 dart slugs
  2 giant cockroaches (D:1)
  A goblin (D:1)
  4 hobgoblins
  2 quokkas (D:2)
  9 bats
  4 frilled lizards
  7 kobolds
  5 rats (D:1)
43 creatures vanquished.

Notes
Turn   | Place    | Note
-------+----------+-------------------------------------------
     0 | D:1      | sking99 the Kobold Hunter began the quest for the Orb.
     0 | D:1      | Reached XP level 1. HP: 12/12 MP: 1/1
   170 | D:1      | Reached skill level 5 in Crossbows
   170 | D:1      | Reached XP level 2. HP: 18/18 MP: 2/2
   373 | D:1      | Reached XP level 3. HP: 22/22 MP: 3/3
   800 | D:2      | Noticed Jessica
   807 | D:2      | Killed Jessica
   807 | D:2      | Reached XP level 4. HP: 28/28 MP: 4/4
   887 | D:2      | Reached skill level 6 in Crossbows
  1532 | D:2      | Reached XP level 5. HP: 18/32 MP: 5/5
  1551 | D:2      | Slain by an orc wizard

Levels and vault maps discovered:
D:1:      eino_arrival_tree_alley, layout_loops_ring
D:2:      layout_loops_corners, amethyst_overflow_temple_binary, uniq_jessica

Skill      XL: |  1  2  3  4 |
---------------+-------------+-----
Crossbows      | 5 6 |  6.6
Fighting       | 3 |  3.5
Dodging        | |  2.5
Stealth        | |  1.6

Action                   |  1- 3 |  4- 6 || total
-------------------------+-------+-------++-------
Melee: Short sword       |       |     5 ||     5
 Fire: Hand crossbow     |    53 |    45 ||    98
  Eat: Chunk             |     8 |     2 ||    10
Armor: Leather armour    |     3 |     1 ||     4
Dodge: Dodged            |     5 |    19 ||    24

Table legend:
 A = Non-vault XP
 B = Vault XP
 C = Vault XP percentage of total XP
 D = Non-vault monster count
 E = Vault monster count
 F = Vault count percentage of total count
                 A         B        C        D         E       F
            +---------+---------+-------+---------+---------+-------
      Total |     132 |      37 |  21.9 |      42 |       1 |   2.3
            +---------+---------+-------+---------+---------+-------
        D:1 |      41 |       0 |   0.0 |      27 |       0 |   0.0
        D:2 |      91 |      37 |  28.9 |      15 |       1 |   6.2
            +---------+---------+-------+---------+---------+-------
